 Dungeon Crawl Stone Soup version 0.23-a0-636-g0ff6057 (webtiles) character file.

128 JimmyWheeler the Cutter (level 5, -1/48 HPs)
             Began as a Kobold Monk on Dec 28, 2018.
             Shot with an arrow by a centaur (5 damage)
             ... on level 3 of the Dungeon.
             The game lasted 00:22:32 (2873 turns).

JimmyWheeler the Cutter (Kobold Monk)               Turns: 2873, Time: 00:22:32

Health: -1/48      AC: 22    Str: 10    XL:     5   Next: 34%
Magic:  5/5        EV:  3    Int: 11    God:
Gold:   54         SH:  0    Dex: 17    Spells: 4/4 levels left

rFire    . . .     SeeInvis .   a - +0 short sword
rCold    . . .     Gourm    .   (shield restricted)
rNeg     + + +     Faith    .   (armour currently unavailable)
rPois    +         Spirit   .   (helmet currently unavailable)
rElec    .         Reflect  .   (cloak currently unavailable)
rCorr    .         Harm     .   (gloves currently unavailable)
MR       .....     NoTele   +   (boots currently unavailable)
Stlth    +++.......             (no amulet)
HPRegen  0.16/turn              n - ring of flight
MPRegen  0.09/turn              (no ring)

@: tree-form (expiring), very slightly contaminated, invisible
A: small, carnivore
a: no special abilities


You were on level 3 of the Dungeon.
You were very full.
You were a tree.
You visited 1 branch of the dungeon, and saw 3 of its levels.

You collected 54 gold pieces.

Inventory:

Hand Weapons
 a - a +0 short sword (weapon)
Missiles
 g - 113 stones (quivered)
 m - 64 bolts
Armour
 b - a +0 robe
 h - a +0 ring mail (melded)
 u - a +0 leather armour
Jewellery
 n - a ring of flight (left branch)
 o - an uncursed ring of ice
Scrolls
 j - 2 scrolls of random uselessness {unknown}
 k - a scroll of teleportation
 r - a scroll of enchant weapon {unknown}
 s - a scroll of enchant armour {unknown}
 t - a scroll of fear {unknown}
Potions
 f - 2 potions of lignification
 l - a potion of degeneration {unknown}
 p - a potion of magic {unknown}
 q - a potion of ambrosia {unknown}
Comestibles
 c - 9 rations


   Skills:
 - Level 3.2 Fighting
 * Level 5.7 Short Blades
 + Level 1.2 Armour
 - Level 4.1 Dodging
 + Level 4.3 Stealth
 + Level 1.0 Evocations


You had 4 spell levels left.
You didn't know any spells.
Your spell library was empty.

Dungeon Overview and Level Annotations

Branches:
Dungeon (3/15)

Altars:
Okawaru
Trog


Innate Abilities, Weirdness & Mutations

You are small and have problems with some larger weapons.
You are carnivorous and can eat meat at any time.


Message History

You kill the adder!
You hit the jackal.
The jackal is heavily wounded.
The jackal bites you but does no damage.
You hit the jackal.
You kill the jackal!
Your Evocations skill increases to level 1!
You start resting.
The centaur wields a +1 shortbow of velocity.
The centaur shoots an arrow.
The arrow hits you.
* * * LOW HITPOINT WARNING * * *
x2 The centaur shoots an arrow.
The arrow hits you but does no damage.
The centaur shoots an arrow.
The arrow hits you but does no damage.
The centaur shoots an arrow.
The arrow hits you but does no damage.
The centaur shoots an arrow.
The arrow completely misses you.
The centaur shoots an arrow.
The arrow hits you but does no damage.
Your transformation is almost over.
The centaur shoots an arrow.
The arrow hits you but does no damage.
The centaur shoots an arrow.
The arrow hits you.
You die...

#.# #..##.##### #.##
#..##.#...#####.# #..#
#..##.#.#.......#
#..#####..##.#...############
#.........##.....c..h.......#
#..######...####.##########.#
#..# ###.# #.# #.##### #..#
#.# #†# #...h>. ...# #.# #♣#
####### ##.# #.# #.# #.
##.########.# #.# #.
............# #.# #.
##.########## #.# #. #.# #.##
#. #.#### #..# #. #....# ##.#
#. #.##.# #.# ##


You could see a centaur.

Vanquished Creatures
  A howler monkey (D:3)
  2 adders (D:3)
  An ooze (D:2)
  3 worms (D:2)
  2 dart slugs
  3 leopard geckos
  A giant cockroach (D:1)
  5 goblins
  2 hobgoblins (D:1)
  10 jackals
  A ball python (D:1)
  11 bats
  2 frilled lizards
  4 kobolds
  6 rats
54 creatures vanquished.

Notes
Turn   | Place    | Note
-------+----------+-------------------------------------------
     0 | D:1      | JimmyWheeler the Kobold Monk began the quest for the Orb.
     0 | D:1      | Reached XP level 1. HP: 14/14 MP: 1/1
   218 | D:1      | Reached XP level 2. HP: 13/19 MP: 2/2
   619 | D:1      | Reached XP level 3. HP: 23/23 MP: 3/3
  1052 | D:2      | Found an iron altar of Okawaru.
  1205 | D:2      | Noticed a moth of wrath
  1208 | D:2      | Found a bloodstained altar of Trog.
  1720 | D:2      | Reached skill level 5 in Short Blades
  1976 | D:2      | Reached XP level 4. HP: 28/28 MP: 4/4
  2137 | D:2      | Found a faded altar of an unknown god.
  2550 | D:3      | Reached skill level 1 in Armour
  2763 | D:3      | Noticed a centaur
  2853 | D:3      | Reached XP level 5. HP: 4/32 MP: 5/5
  2862 | D:3      | Reached skill level 1 in Evocations
  2873 | D:3      | Shot with an arrow by a centaur

Vault maps used:
D:1:      kilobyte_arrival_exit_the_forest, serial_glass, glass_columns_b,
          glass_columns_a, supply_closet_lemuel
D:2:      tgw_trog, chequers_ecumenical_altar_lobes, minmay_crystal_water,
          okawaru_gym_becter

Skill      XL: |  1  2  3  4  5 |
---------------+----------------+-----
Stealth        | 3 4 |  4.3
Dodging        | 4 |  4.1
Short Blades   | 5 |  5.7
Armour         | 1 |  1.2
Evocations     | 1 |  1.0
Fighting       | |  3.2

Action                   |  1- 3 |  4- 6 || total
-------------------------+-------+-------++-------
Melee: Short sword       |   150 |    88 ||   238
Throw: Stone             |     1 |       ||     1
  Use: Scroll            |     1 |     3 ||     4
       Potion            |       |     4 ||     4
 Stab: Sleeping          |     7 |     3 ||    10
       Invisible         |       |     3 ||     3
  Eat: Chunk             |     9 |     5 ||    14
Armor: Robe              |     6 |       ||     6
       Ring mail         |    17 |    11 ||    28
       Leather armour    |       |     4 ||     4
       Skin              |       |     8 ||     8
Dodge: Dodged            |    80 |    43 ||   123

Table legend:
 A = Non-vault XP
 B = Vault XP
 C = Vault XP percentage of total XP
 D = Non-vault monster count
 E = Vault monster count
 F = Vault count percentage of total count
                 A         B        C        D         E       F
            +---------+---------+-------+---------+---------+-------
      Total |     167 |      17 |   9.2 |      49 |       5 |   9.3
            +---------+---------+-------+---------+---------+-------
        D:1 |      29 |       0 |   0.0 |      15 |       0 |   0.0
        D:2 |      39 |      17 |  30.4 |      19 |       5 |  20.8
        D:3 |      99 |       0 |   0.0 |      15 |       0 |   0.0
            +---------+---------+-------+---------+---------+-------
